 Dungeon Crawl Stone Soup version 0.26.1-11-gd32895ea62 (webtiles) character file.

Game seed: 6449538276927522001

1218 rhet the Cudgeller (level 8, -6/67 HPs)
             Began as a Demigod Fighter on June 26, 2021.
             Mangled by a two-headed ogre
             ... wielding a cursed -2 giant spiked club
              (19 damage)
             ... on level 5 of the Dungeon.
             The game lasted 00:11:08 (6440 turns).

rhet the Cudgeller (Demigod Fighter)                Turns: 6440, Time: 00:11:09

Health: -6/67      AC: 10    Str: 23    XL:     8   Next: 2%
Magic:  10/10      EV:  7    Int: 12    God:
Gold:   351        SH: 10    Dex: 15    Spells: 7/7 levels left

rFire    . . .     SeeInvis .   e - +6 club
rCold    . . .     Faith    .   c - +0 kite shield
rNeg     . . .     Spirit   .   b - +0 scale mail
rPois    .         Reflect  .   (no helmet)
rElec    .         Harm     .   (no cloak)
rCorr    .         Rampage  .   k - +2 pair of gloves
Will     .....                  (no boots)
Stlth    ..........             (no amulet)
HPRegen  0.21/turn              (no ring)
MPRegen  0.12/turn              (no ring)

@: no status effects
A: high mp 1
a: no special abilities


You were on level 5 of the Dungeon.
You visited 1 branch of the dungeon, and saw 6 of its levels.

You collected 383 gold pieces.
You spent 32 gold pieces at shops.

Inventory:

Hand Weapons
 a - a +0 flail
 e - a +6 club (weapon)
 i - a +4 short sword
 v - a +0 morningstar
Armour
 b - a +0 scale mail (worn)
 c - a +0 kite shield (worn)
 k - a +2 pair of gloves (worn)
Jewellery
 m - an uncursed ring of ice
Wands
 n - a wand of random effects (7)
 p - a wand of digging (2)
 r - a wand of flame (6)
Scrolls
 f - 3 scrolls of identify
 g - a scroll of immolation
 h - a scroll of random uselessness {unknown}
 l - a scroll of amnesia {unknown}
 o - a scroll of fog {unknown}
 q - 2 scrolls of enchant armour {unknown}
 t - a scroll of blinking {unknown}
 w - 2 scrolls of magic mapping {unknown}
 x - 2 scrolls of teleportation
Potions
 d - a potion of flight
 j - a potion of might
 s - a potion of invisibility {unknown}
 u - a potion of curing
 z - a potion of attraction {unknown}


   Skills:
 + Level 4.7 Fighting
 + Level 5.2 Maces & Flails
 + Level 4.7 Armour
 + Level 4.7 Shields
 * Level 2.9 Evocations


You had 7 spell levels left.
You didn't know any spells.
Your spell library contained the following spells:

 Spells                   Type           Power        Failure   Level
 Animate Skeleton         Necr           0%           97%         1
 Apportation              Tloc           0%           97%         1
 Corona                   Hex            0%           97%         1
 Summon Small Mammal      Summ           0%           97%         1


Dungeon Overview and Level Annotations

Branches:
Dungeon (6/15)
 Temple: D:4-7

Shops:
D:4 *

Annotations:
D:5 1 transporter
D:6 Maggie


Innate Abilities, Weirdness & Mutations

You have an increased reservoir of magic. (+10% MP)


Message History

The two-headed ogre hits you with a cursed -2 giant spiked club.
The two-headed ogre hits you with a +0 giant club.
The two-headed ogre hits you with a cursed -2 giant spiked club!
The two-headed ogre hits you but does no damage.
You sock the two-headed ogre!
The two-headed ogre is almost dead.
The two-headed ogre barely misses you. You block the two-headed ogre's attack.
You sock the two-headed ogre!
The two-headed ogre is almost dead.
The two-headed ogre hits you with a cursed -2 giant spiked club!
The two-headed ogre hits you with a +0 giant club!
You barely miss the two-headed ogre.
The two-headed ogre is almost dead.
The two-headed ogre closely misses you. x2
You hit the two-headed ogre but do no damage.
The two-headed ogre is almost dead.
The two-headed ogre hits you with a cursed -2 giant spiked club!
* * * LOW HITPOINT WARNING * * *
The two-headed ogre hits you with a +0 giant club!!
You die...

#. ..#..#.#. #........ #..
..[.. #. #.# #.... #.#
###.####..)
#.####...#......
########..........# #.
#.....@O..........####.
#..........#..###.....#
#.............# #......
#..........#..###......
###..........##..##.....#
#...##....#####รท).#......
###.##.#### ##..#......
#.#..# #.<##...#. #.#.##
#.....####


You could see a two-headed ogre (fast, drained).

Vanquished Creatures
  Sigmund (D:2)
  Duvessa (D:4)
  An ice beast (D:5)
  A phantom (D:4)
  2 ogres
  A centaur (D:5)
  Dowan (D:4)
  A howler monkey (D:5)
  A quasit (D:4)
  An orc priest (D:3)
  Jessica (D:2)
  An orc wizard (D:4)
  4 worker ants (D:4)
  3 gnolls (D:3)
  9 adders
  A white imp (D:5)
  2 oozes (D:3)
  An adder skeleton (D:5)
  4 worms
  A dart slug (D:1)
  3 leopard geckos
  14 orcs
  3 giant cockroaches
  8 goblins
  5 hobgoblins
  5 kobolds
  2 quokkas
  3 ball pythons
  4 bats
  4 frilled lizards
  A leopard gecko skeleton (D:5)
  2 quokka skeletons
  9 rats
101 creatures vanquished.

Notes
Turn   | Place    | Note
-------+----------+-------------------------------------------
     0 | D:1      | rhet the Demigod Fighter began the quest for the Orb.
     0 | D:1      | Reached XP level 1. HP: 18/18 MP: 3/3
   105 | D:1      | Reached skill level 2 in Maces & Flails
   228 | D:1      | Reached XP level 2. HP: 20/25 MP: 4/4
   978 | D:1      | Found a stormy altar of Qazlal.
  1153 | D:2      | Noticed Sigmund
  1166 | D:2      | Killed Sigmund
  1167 | D:2      | Reached skill level 3 in Maces & Flails
  1167 | D:2      | Reached XP level 3. HP: 8/31 MP: 5/5
  1167 | D:2      | Reached XP level 4. HP: 10/38 MP: 6/6
  1167 | D:2      | Reached XP level 5. HP: 11/45 MP: 7/7
  2076 | D:2      | Noticed Jessica
  2081 | D:2      | Killed Jessica
  2996 | D:3      | Reached skill level 4 in Maces & Flails
  3069 | D:3      | Reached XP level 6. HP: 43/52 MP: 8/8
  3895 | D:4      | Noticed Duvessa
  4290 | D:4      | Found Vabrothruun's Assorted Antiques.
  4314 | D:4      | Bought a wand of flame (21) for 32 gold pieces
  4438 | D:4      | Reached XP level 7. HP: 23/59 MP: 9/9
  4630 | D:4      | Noticed Dowan
  4633 | D:4      | Killed Dowan
  4633 | D:4      | Killed Duvessa
  4634 | D:4      | Reached skill level 1 in Evocations
  5343 | D:4      | Reached skill level 5 in Maces & Flails
  5733 | D:5      | Entered Level 5 of the Dungeon
  5753 | D:6      | Noticed Maggie
  5928 | D:5      | Found a transporter.
  6063 | D:5      | Reached XP level 8. HP: 50/67 MP: 10/10
  6089 | D:5      | Noticed a two-headed ogre
  6440 | D:5      | Mangled by a two-headed ogre

Illustrated notes

Levels and vault maps discovered:
D:1:      dpeg_arrival_lava_altar, layout_basic
D:2:      layout_basic, minmay_misc_feat_tiny, uniq_sigmund, uniq_jessica
D:3:      layout_rooms
D:4:      layout_loops_ring, serial_shops, shop, grunt_decor_clamped,
          uniq_duvessa
D:5:      gammafunk_cloud_chamber, layout_rooms, minmay_temple_entry_poolview
D:6:      layout_gridville, uniq_edmund, uniq_prince_ribbit1, uniq_maggie,
          uniq_menkaure

Skill      XL: |  1  2  3  4  5  6  7 |
---------------+----------------------+-----
Maces & Flails | 2 3 4 5 |  5.2
Fighting       | 3 4 |  4.7
Armour         | 3 4 |  4.7
Shields        | 3 4 |  4.7
Evocations     | 2 |  2.9

Action                   |  1- 3 |  4- 6 |  7- 9 || total
-------------------------+-------+-------+-------++-------
Melee: Flail             |    38 |    35 |       ||    73
       Club              |       |   187 |    96 ||   283
Evoke: Wand              |       |     2 |    39 ||    41
  Use: Potion            |     2 |     3 |     1 ||     6
       Scroll            |       |     3 |     2 ||     5
Armor: Scale mail        |    15 |   103 |    38 ||   156
       Skin              |       |       |     7 ||     7
Dodge: Dodged            |    12 |    74 |    14 ||   100
Block: Kite shield       |    18 |   122 |    52 ||   192
